 Dungeon Crawl Stone Soup version 0.23-a0-636-g0ff6057 (webtiles) character file.

238 galech the Chopper (level 5, -1/41 HPs)
             Began as a Demonspawn Fighter on Dec 28, 2018.
             Slain by a leopard gecko (2 damage)
             ... on level 4 of the Dungeon.
             The game lasted 00:03:25 (2711 turns).

galech the Chopper (Demonspawn Fighter)             Turns: 2711, Time: 00:03:25

Health: -1/41      AC:  9    Str: 21    XL:     5   Next: 78%
Magic:  5/5        EV:  8    Int:  9    God:
Gold:   204        SH:  9    Dex: 14    Spells: 4/4 levels left

rFire    . . .     SeeInvis .   a - +0 war axe
rCold    + . .     Gourm    .   c - +0 shield
rNeg     . . .     Faith    .   b - +0 scale mail
rPois    .         Spirit   .   (no helmet)
rElec    .         Reflect  .   i - +1 cloak
rCorr    .         Harm     .   (no gloves)
MR       .....                  (no boots)
Stlth    ..........             (no amulet)
HPRegen  0.13/turn              (no ring)
MPRegen  0.09/turn              (no ring)

@: mighty
A: hooves 2, cold resistance 1
a: no special abilities


You were on level 4 of the Dungeon.
You were not hungry.

You visited 1 branch of the dungeon, and saw 4 of its levels.

You collected 204 gold pieces.

Inventory:

Hand Weapons
 a - a +0 war axe (weapon)
Armour
 b - a +0 scale mail (worn)
 c - a +0 shield (worn)
 i - a +1 cloak (worn)
Scrolls
 e - 3 scrolls of identify {unknown}
 g - a scroll of fear {unknown}
 h - a scroll of noise {unknown}
 k - 4 scrolls of remove curse {unknown}
 l - 4 scrolls of immolation {unknown}
 m - 5 scrolls of teleportation {unknown}
 q - 2 scrolls of blinking {unknown}
 r - 2 scrolls of enchant weapon {unknown}
Potions
 d - a potion of might
 j - 2 potions of brilliance {unknown}
 n - a potion of flight {unknown}
 p - a potion of curing {unknown}
 s - a potion of ambrosia {unknown}
 t - 2 potions of heal wounds {unknown}
 u - a potion of mutation {unknown}
Comestibles
 f - 6 rations
 o - 2 chunks of flesh


   Skills:
 + Level 3.6 Fighting
 + Level 4.1 Axes
 + Level 3.2 Armour
 + Level 1.2 Dodging
 + Level 0.6 Stealth
 + Level 3.1 Shields


You had 4 spell levels left.
You didn't know any spells.
Your spell library was empty.

Dungeon Overview and Level Annotations

Branches:
Dungeon (4/15)
 Temple: D:4-7

Altars:
Yredelemnul

Shops:
D:4 =


Innate Abilities, Weirdness & Mutations

You have hoof-like feet.
Your flesh is cold resistant. (rC+)


Message History

You are too injured to fight recklessly!
You are too injured to fight recklessly!
You are too injured to fight recklessly!
You are too injured to fight recklessly!
You are too injured to fight recklessly!
You are too injured to fight recklessly!
You are too injured to fight recklessly!
You closely miss the iguana.
The iguana is moderately wounded.
The iguana bites you!
* * * LOW HITPOINT WARNING * * *
You hit the iguana. You kick the iguana.
The iguana is severely wounded.
You hit the leopard gecko. The iguana bites you!
* * * LOW HITPOINT WARNING * * *
The leopard gecko bites you but does no damage.
The iguana bites you but does no damage.
You feel very mighty all of a sudden. The leopard gecko bites you.
You die...

#..............
#....<.........
#..............
#..............
##..............
###
#......)........
..#
#......ll......
..#
#.....@.......
..#
#.............
..#
#.............
..#
##............#
..#
#......#(.#####
..# #.....#####
..# ###....##
..######.....##
..##........##


You could see an iguana and a leopard gecko.

Vanquished Creatures
  A hound (D:4)
  A worker ant (D:4)
  4 gnolls (D:4)
  3 adders
  2 oozes
  5 worms
  A dart slug (D:1)
  A leopard gecko (D:2)
  2 orcs
  3 giant cockroaches
  7 goblins
  14 hobgoblins
  8 jackals
  12 kobolds
  2 quokkas
  4 bats
  3 frilled lizards
  A quokka skeleton (D:4)
  11 rats
85 creatures vanquished.

Notes
Turn   | Place    | Note
-------+----------+-------------------------------------------
     0 | D:1      | galech the Demonspawn Fighter began the quest for the Orb.
     0 | D:1      | Reached XP level 1. HP: 18/18 MP: 1/1
   322 | D:1      | Reached skill level 2 in Axes
   323 | D:1      | Gained mutation: You have large cloven feet. [demonic
                  | ancestry]
   323 | D:1      | Reached XP level 2. HP: 15/24 MP: 2/2
   765 | D:1      | Gained mutation: Your flesh is cold resistant. (rC+)
                  | [demonic ancestry]
   765 | D:1      | Reached XP level 3. HP: 24/29 MP: 3/3
  1291 | D:2      | Reached XP level 4. HP: 34/35 MP: 4/4
  1375 | D:2      | Found a basalt altar of Yredelemnul.
  1391 | D:2      | Reached skill level 3 in Axes
  2428 | D:4      | Gained mutation: You have hoof-like feet. [demonic
                  | ancestry]
  2428 | D:4      | Reached XP level 5. HP: 37/41 MP: 5/5
  2432 | D:4      | Reached skill level 1 in Dodging
  2451 | D:4      | Found Bukler's Jewellery Emporium.
  2652 | D:4      | Reached skill level 4 in Axes
  2710 | D:4      | HP: 1/41 [iguana (7)]
  2711 | D:4      | Slain by a leopard gecko

Vault maps used:
D:1:      dpeg_arrival_chase, chequers_arboretum
D:2:      yredelemnul_altar_generic
D:3:      first_ration
D:4:      serial_shops, nicolae_shop_trees, nicolae_ossuary_entry_ruins

Skill      XL: |  1  2  3  4  5 |
---------------+----------------+-----
Axes           | 2 3 4 |  4.1
Armour         | 3 |  3.2
Shields        | 3 |  3.1
Dodging        | 1 |  1.2
Fighting       | |  3.6
Stealth        | |  0.6

Action                   |  1- 3 |  4- 6 || total
-------------------------+-------+-------++-------
Melee: War axe           |   117 |   112 ||   229
       Kick              |    23 |    22 ||    45
  Use: Potion            |       |     1 ||     1
  Eat: Chunk             |     1 |     5 ||     6
Armor: Scale mail        |    50 |    44 ||    94
Dodge: Dodged            |    31 |    34 ||    65
Block: Shield            |    46 |    39 ||    85

Table legend:
 A = Non-vault XP
 B = Vault XP
 C = Vault XP percentage of total XP
 D = Non-vault monster count
 E = Vault monster count
 F = Vault count percentage of total count
                 A         B        C        D         E       F
            +---------+---------+-------+---------+---------+-------
      Total |     340 |       0 |   0.0 |      85 |       0 |   0.0
            +---------+---------+-------+---------+---------+-------
        D:1 |      61 |       0 |   0.0 |      32 |       0 |   0.0
        D:2 |      75 |       0 |   0.0 |      24 |       0 |   0.0
        D:3 |      49 |       0 |   0.0 |      18 |       0 |   0.0
        D:4 |     155 |       0 |   0.0 |      11 |       0 |   0.0
            +---------+---------+-------+---------+---------+-------
